 Dungeon Crawl Stone Soup version 0.24.0-10-g970556be89 (webtiles) character file.

Game seed: 10959981008281400564, levelgen mode: deterministic

247 Granthy the Chopper (level 6, -1/44 HPs)
             Began as an Octopode Berserker on Nov 3, 2019.
             Was a Believer of Trog.
             Slain by an orc priest
             ... wielding a +0 trident
              (9 damage)
             ... on level 3 of the Dungeon.
             The game lasted 00:04:30 (3172 turns).

Granthy the Chopper (Octopode Berserker)            Turns: 3172, Time: 00:04:32

Health: -1/44      AC:  1    Str: 23    XL:     6   Next: 11%
Magic:  6/6        EV: 14    Int: 10    God:    Trog [**....]
Gold:   165        SH:  0    Dex: 11    Spells: 5/5 levels left

rFire    . . .     SeeInvis .   a - +0 hand axe
rCold    . . .     Gourm    .   (no shield)
rNeg     . . .     Faith    .   (helmet restricted)
rPois    .         Spirit   .   (no amulet)
rElec    .         Reflect  .   k - +5 ring of strength
rCorr    .         Harm     .   (no ring)
MR       .....                  (no ring)
Stlth    ++........             (no ring)
HPRegen  0.14/turn              (no ring)
MPRegen  0.10/turn              (no ring)
                                (no ring)
                                (no ring)

@: slowed, very slow
A: almost no armour, stealthy swim, amphibious, 8 rings, constrict 8, camouflage
1, gelatinous body 1
a: Berserk, Trog's Hand, Renounce Religion


You were on level 3 of the Dungeon.
You worshipped Trog.
Trog was pleased with you.
You were not hungry.

You visited 1 branch of the dungeon, and saw 3 of its levels.

You collected 165 gold pieces.

Inventory:

Hand Weapons
 a - a +0 hand axe (weapon)
Missiles
 c - 3 throwing nets (quivered)
Jewellery
 k - a +5 ring of strength (left tentacle)
 o - an uncursed ring of attention
Scrolls
 d - a scroll of remove curse
 f - 2 scrolls of teleportation
 h - a scroll of immolation {unknown}
 i - a scroll of fear {unknown}
 j - a scroll of magic mapping {unknown}
 l - a scroll of identify {unknown}
 n - a scroll of enchant armour {unknown}
Potions
 e - a potion of flight
 g - a potion of degeneration {unknown}
 m - a potion of haste {unknown}
Comestibles
 b - 3 rations
 p - a chunk of flesh


   Skills:
 + Level 4.5 Fighting
 + Level 5.6 Axes
 - Level 3.0 Dodging


You had 5 spell levels left.
You didn't know any spells.
Your spell library was empty.

Dungeon Overview and Level Annotations

Branches:
Dungeon (3/15)

Altars:
Dithmenos


Innate Abilities, Weirdness & Mutations

You cannot wear most types of armour.
You are very stealthy in the water. (Stealth+)
You are amphibious.
You can wear up to eight rings at the same time.
You can use your tentacles to constrict eight enemies at once.
Your skin changes colour to match your surroundings (Stealth+).
Your rubbery body absorbs attacks. (AC +1, EV +1)


Message History

The orc wizard hits you with a +0 dagger.
* * * LOW HITPOINT WARNING * * *
The orc priest hits you from afar with a +0 trident.
* * * LOW HITPOINT WARNING * * *
The orc hits you with a +0 hand axe.
* * * LOW HITPOINT WARNING * * *
The orc wizard closely misses you.
You hit the orc wizard. Your grab misses the orc wizard.
You squeeze the orc wizard.
You kill the orc wizard!
Trog accepts your kill.
Trog appreciates your killing of a magic user.
You have reached level 6!
Your experience leads to an increase in your attributes!
Your base attributes are Str 17, Int 10, Dex 11.
Increase (S)trength, (I)ntelligence, or (D)exterity?
You feel stronger.
You completely miss the orc.
The orc priest hits you from afar with a +0 trident!
You die...

##### ...#
####.#######
#......รท...#
#.##.####..# #
#.##.###...##
#.##.##.##..)..######
#.......###.)@.......
####.#### ##o#######.
#.# #o# #.# #o# ##.##
#'# #)..# #...#
##..## #..<..# ##..##
#.......#
####...####......oo.#


You could see an orc priest and 2 orcs.

Vanquished Creatures
  A water moccasin (D:2)
  An orc wizard (D:3)
  3 adders
  An ooze (D:1)
  A worm (D:2)
  2 dart slugs (D:2)
  3 leopard geckos
  6 orcs (D:3)
  3 giant cockroaches
  4 goblins
  8 hobgoblins
  7 jackals
  2 quokkas (D:3)
  5 ball pythons
  3 bats
  3 frilled lizards
  6 kobolds (D:2)
  7 rats
66 creatures vanquished.

Notes
Turn   | Place    | Note
-------+----------+-------------------------------------------
     0 | D:1      | Granthy the Octopode Berserker began the quest for the Orb.
     0 | D:1      | Reached XP level 1. HP: 16/16 MP: 1/1
    51 | D:1      | Reached XP level 2. HP: 13/21 MP: 2/2
   916 | D:2      | Reached XP level 3. HP: 13/26 MP: 3/3
  1229 | D:2      | Reached ** piety under Trog
  1232 | D:2      | Reached skill level 4 in Axes
  1547 | D:2      | Noticed a water moccasin
  1560 | D:2      | Killed a water moccasin
  1560 | D:2      | Reached skill level 5 in Axes
  1560 | D:2      | Reached XP level 4. HP: 18/33 MP: 4/4
  1560 | D:2      | Reached XP level 5. HP: 21/37 MP: 5/5
  2312 | D:2      | Found a shadowy altar of Dithmenos.
  3172 | D:3      | Reached XP level 6. HP: 8/44 MP: 6/6
  3172 | D:3      | Slain by an orc priest

Levels and vault maps discovered:
D:1:      psy_arrival_conway, layout_basic
D:2:      layout_loops_cross, marbit_many_paths
D:3:      layout_loops_corners

Skill      XL: |  1  2  3 |
---------------+----------+-----
Axes           | 5 |  5.6
Fighting       | 4 |  4.5
Dodging        | |  3.0

Action                   |  1- 3 |  4- 6 || total
-------------------------+-------+-------++-------
Melee: Hand axe          |    52 |    83 ||   135
       Constrict         |    15 |    23 ||    38
       Tentacles         |    10 |    18 ||    28
  Use: Potion            |     2 |       ||     2
       Scroll            |       |     2 ||     2
 Stab: Sleeping          |     3 |     5 ||     8
  Eat: Chunk             |     2 |     5 ||     7
Armor: Skin              |     4 |     2 ||     6
Dodge: Dodged            |    35 |    54 ||    89
